 Dungeon Crawl Stone Soup version 0.30.2 (webtiles) character file.

Game seed: 11171567414949798298

114 porpoise the Poker (level 4, -1/34 HPs)
             Began as a Demonspawn Gladiator on Apr 18, 2024.
             Slain by a gnoll
             ... wielding a +0 spear
              (6 damage)
             ... on level 4 of the Dungeon.
             The game lasted 00:05:07 (2471 turns).

porpoise the Poker (Demonspawn Gladiator)           Turns: 2471, Time: 00:05:08

Health: -1/34      AC:  8    Str: 17    XL:     4   Next: 67%
Magic:  4/4        EV: 11    Int:  9    God:
Gold:   202        SH:  0    Dex: 14    Spells: 3/3 levels left

rFire   . . .        a - +1 trident
rCold   . . .        (no shield)
rNeg    . . .        j - +0 ring mail
rPois   .            c - +1 helmet
rElec   .            (no cloak)
rCorr   .            k - +0 pair of gloves
SInv    .            (no boots)
Will    .....        (no amulet)
Stlth   +            (no ring)
HPRegen 0.25/turn    (no ring)
MPRegen 0.09/turn

%: no passive effects
@: no status effects
A: foul stench 2, demonic touch 1
a: no special abilities


You were on level 4 of the Dungeon.
You visited 1 branch of the dungeon, and saw 4 of its levels.

You collected 202 gold pieces.

Inventory:

Hand Weapons
 a - a +1 trident (weapon)
 b - a +0 sling
 p - a +2 short sword of draining
Missiles
 d - 3 throwing nets (quivered)
 e - 3 javelins
 o - 5 poisoned darts
 t - 3 boomerangs
Armour
 c - a +1 helmet (worn)
 j - a +0 ring mail (worn)
 k - a +0 pair of gloves (worn)
Jewellery
 w - a ring of flight
Scrolls
 f - a scroll of silence {unknown}
 g - 2 scrolls of enchant armour
 h - a scroll of vulnerability
 s - a scroll of poison
Potions
 i - a potion of brilliance {unknown}
 l - a potion of flight
 m - a potion of heal wounds
 r - a potion of resistance
 u - 2 potions of berserk rage {unknown}
 v - a potion of lignification
 x - a potion of curing {unknown}


   Skills:
 + Level 2.7 Fighting
 * Level 3.6 Polearms
 - Level 1.7 Throwing
 * Level 2.1 Armour
 + Level 3.1 Dodging


You had 3 spell levels left.
You didn't know any spells.
Your spell library contained the following spells:

 Spells                   Type           Power      Damage    Failure   Level
 Kiss of Death            Conj/Necr      0%         2d5       58%         1
 Magic Dart               Conj           0%         1d3       58%         1
 Call Imp                 Summ           0%         N/A       73%         2
 Confusing Touch          Hex            0%         N/A       91%         3
 Mephitic Cloud           Conj/Pois/Air  0%         N/A       91%         3
 Dispel Undead            Necr           0%         3d6       100%        4


Dungeon Overview and Level Annotations

Branches:
Dungeon (4/15)
 Temple: D:4-7

Altars:


Innate Abilities, Weirdness & Mutations

You sometimes emit foul miasma when damaged in melee.
Your touch may inflict minor irresistible damage on your foes.


Message History

You reach to attack!
You hit the gnoll.
The gnoll is heavily wounded.
The gnoll hits you but does no damage. x2
You reach to attack!
You hit the gnoll.
The gnoll is heavily wounded.
The gnoll hits you from afar with a +0 spear.
The gnoll closely misses you.
You reach to attack!
You closely miss the gnoll.
The gnoll is heavily wounded.
The gnoll closely misses you. The gnoll hits you but does no damage.
You reach to attack!
You hit the gnoll.
The gnoll is severely wounded.
The gnoll hits you but does no damage. The gnoll barely misses you.
The gnoll closely misses you.
The gnoll hits you from afar with a +0 spear!
You are too injured to fight recklessly!
You are too injured to fight recklessly!
You are too injured to fight recklessly!
Reach: a) +1 trident
Press: ? - help, Dir - move target, f/p - gnoll
Aim: a gnoll, wielding a +0 halberd (severely wounded, about 36% to evade your +1 trident)
You reach to attack!
You hit the gnoll.
The gnoll is almost dead.
The gnoll closely misses you. The gnoll misses you.
Reach: a) +1 trident
Press: ? - help, Dir - move target, f/p - gnoll
Aim: a gnoll, wielding a +0 halberd (almost dead, about 36% to evade your +1 trident)
You reach to attack!
You barely miss the gnoll.
The gnoll is almost dead.
The gnoll barely misses you.
The gnoll hits you from afar with a +0 spear.
Reach: a) +1 trident
Press: ? - help, Dir - move target, f/p - gnoll
Aim: a gnoll, wielding a +0 halberd (almost dead, about 36% to evade your +1 trident)
You reach to attack!
You closely miss the gnoll.
The gnoll is almost dead.
The gnoll hits you from afar with a +0 halberd!
* * * LOW HITPOINT WARNING * * *
The gnoll hits you from afar with a +0 spear.
You die...

#,,,#,* #.# *,*,,,,,,, #.###.*
#.# *,,.**,,,, *******#...#.*
#.####*..,,,,,, *,,,,*,......#*
#....,..***,,,,
*,,8,,,8...8..###..#,.#,* *,,,,
*,,,,*,,,#...รท<##..#.#*,*
*,,,, *,*,***,*##.##)......##.#
*,,,, *,,,,*,..#....[.........#
***** *,,8,,,8...8).@.g.......#
*,,,,*,..#..............#**
*,*,***,*##.#.g..........,*****
*,,,,*,,,#..............#,,,,+,
*,,8,,,8...8.............,,,,**
*,,,,,,.................#**,,*,
*,**,,,..................*,,,**
*,,,,,,,...............#,,,***,
****,,,,...........[...,,,,* **


You could see 2 gnolls.

Vanquished Creatures
  A sleepcap (D:3)
  A gnoll (D:4)
  2 adders
  A shadow imp (D:3)
  A worm (D:2)
  6 ball pythons
  3 endoplasms
  3 giant cockroaches
  3 hobgoblins
  4 jackals
  4 kobolds
  4 quokkas
  4 bats
  4 goblins
  6 rats
47 creatures vanquished.

Notes
Turn   | Place    | Note
-------+----------+-------------------------------------------
     0 | D:1      | porpoise the Demonspawn Gladiator began the quest for the
                  | Orb.
     0 | D:1      | Reached XP level 1. HP: 16/16 MP: 1/1
   214 | D:1      | Gained mutation: You may rarely emit foul miasma when
                  | damaged in melee. [demonic ancestry]
   214 | D:1      | Reached XP level 2. HP: 15/22 MP: 2/2
   701 | D:2      | Reached skill level 1 in Armour
  1090 | D:2      | Gained mutation: Your touch may inflict minor irresistible
                  | damage on your foes. [demonic ancestry]
  1090 | D:2      | Reached XP level 3. HP: 20/24 MP: 3/3
  2082 | D:3      | Gained mutation: You sometimes emit foul miasma when
                  | damaged in melee. [demonic ancestry]
  2082 | D:3      | Reached XP level 4. HP: 17/34 MP: 4/4
  2471 | D:4      | Slain by a gnoll

Illustrated notes

Levels and vault maps discovered:
D:1:      lightli_iron_boxes, layout_loops_ring, roderic_three_in_a_row
D:2:      layout_loops_ring, minmay_misc_feat_five
D:3:      layout_loops_ring
D:4:      layout_rooms, nicolae_ossuary_entry_catacombs,
          minmay_misc_feat_nine_boxes, grunt_ministairs_9,
          minmay_misc_feat_enclosed, minmay_misc_feat_four_crosses

Skill      XL: |  1  2  3  4 |
---------------+-------------+-----
Polearms       | 3 |  3.6
Armour         | 1 2 |  2.1
Dodging        | 3 |  3.1
Fighting       | |  2.7
Throwing       | |  1.7

Action                     |  1- 3 |  4- 6 || total
---------------------------+-------+-------++-------
  Melee: Trident           |   154 |    23 ||   177
         Touch             |     7 |     2 ||     9
         Punch             |     1 |       ||     1
   Fire: Sling             |    11 |       ||    11
    Use: Scroll            |     9 |       ||     9
         Potion            |       |     1 ||     1
 Armour: Leather armour    |     5 |       ||     5
         Ring mail         |    61 |    16 ||    77
  Dodge: Dodged            |    95 |    18 ||   113
